 Dungeon Crawl Stone Soup version 0.27.1-4-g1640c2035a (webtiles) character file.

Game seed: 16056619377296484694

18 AarnesTheHuman the Shield-Bearer (level 2, -2/24 HPs)
             Began as a Formicid Fighter on Nov 1, 2021.
             Was a Follower of Jiyva.
             Succumbed to an adder's poison
             ... on level 2 of the Dungeon.
             The game lasted 00:01:08 (573 turns).

AarnesTheHuman the Shield-Bearer (Formicid Fighter)  Turns: 573, Time: 00:01:08

Health: -2/24      AC:  6    Str: 20    XL:     2   Next: 85%
Magic:  2/2        EV:  8    Int:  7    God:    Jiyva [*.....]
Gold:   68         SH:  9    Dex: 10    Spells: 1/1 levels left

rFire    . . .     SeeInvis +   a - +0 long sword
rCold    . . .     Faith    .   c - +0 kite shield
rNeg     . . .     Spirit   .   b - +0 scale mail
rPois    .         Reflect  .   (helmet unavailable)
rElec    .         Harm     .   (no cloak)
rCorr    .         Rampage  .   (no gloves)
Will     .....                  (no boots)
Stlth    ..........             (no amulet)
HPRegen  0.08/turn              (no ring)
MPRegen  0.08/turn              (no ring)

@: lethally poisoned (-2 -> -11)
A: permanent stasis, dig shafts and tunnels, antennae 3, four strong arms
a: Dig, Shaft Self, Renounce Religion, Request Jelly


You were on level 2 of the Dungeon.
You worshipped Jiyva.
Jiyva was aware of your devotion.
You visited 1 branch of the dungeon, and saw 2 of its levels.

You collected 68 gold pieces.

Inventory:

Hand Weapons
 a - a +0 long sword (weapon)
 f - a +0 hunting sling
Armour
 b - a +0 scale mail (worn)
 c - a +0 kite shield (worn)
Jewellery
 e - an amulet of the acrobat
Scrolls
 h - a scroll of blinking {unknown}
 i - a scroll of enchant weapon {unknown}
Potions
 d - a potion of might
 g - 2 potions of cancellation {unknown}


   Skills:
 + Level 3.5 Fighting
 + Level 2.3 Long Blades
 + Level 3.5 Armour
 + Level 3.9 Shields


You had one spell level left.
You didn't know any spells.
Your spell library contained the following spells:

 Spells                   Type           Power      Damage    Failure   Level
 Sublimation of Blood     Necr           0%         N/A       99%         2
 Wereblood                Tmut           0%         N/A       99%         2
 Summon Hydra             Summ           0%         N/A       100%        7


Dungeon Overview and Level Annotations

Branches:
Dungeon (2/15)

Altars:
Jiyva


Innate Abilities, Weirdness & Mutations

You cannot be hasted, slowed, berserked, paralysed or teleported.
You can dig through walls and to a lower floor.
You have a pair of large antennae on your head. (SInv)
Your four strong arms can wield two-handed weapons with a shield.


Message History

You sense a monster nearby.
An adder comes into view.
The adder hisses angrily.
An adder is nearby!
An adder is nearby!
Found 21 stones, a pair of embroidered gloves and 24 sling bullets.
An adder comes into view.
You block the bat's attack.
You barely miss the adder. The bat barely misses you.
You riposte.
You barely miss the bat.
The adder bites you but does no damage. x2
You hit the adder.
The adder is lightly wounded.
The bat hits you but does no damage. You block the bat's attack.
The bat closely misses you.
You riposte.
You miss the bat.
You hear a distant slurping noise.
The adder bites you.
You are poisoned.
The adder poisons you! You block the adder's attack.
Your shield prevents you from hitting the adder.
The adder is lightly wounded.
You feel sick. The bat barely misses you.
You riposte.
You hit the bat.
The bat is heavily wounded.
The adder bites you.
You are more poisoned.
The adder poisons you! The adder bites you.
You are lethally poisoned!
The adder poisons you! You block the adder's attack.
You hit the adder.
The adder is lightly wounded.
You feel very sick. You block the adder's attack.
The adder bites you but does no damage. You block the adder's attack.
The adder bites you.
* * * LOW HITPOINT WARNING * * *
You are too injured to fight recklessly!
You are too injured to fight recklessly!
* * * LOW HITPOINT WARNING * * *
You feel sick. The adder bites you.
* * * LOW HITPOINT WARNING * * *
You barely miss the adder.
You die...

#.# ...# ##... #.
{ # J...
#...####.##..#
#...#...#....#
#...#[..#.b..#
#...#(..#SS..#
#...####@##..#
#.......#.#...#
#...#...##.# ..#
#.....#...#.#...#
#...###...##.# ..
#..†###.#...#(# .
#...........###
#.............
#..###..##...#


You could see 2 adders, a bat and a neutral jelly (wandering) (fellow slime).

Vanquished Creatures
  An adder (D:2)
  A giant cockroach (D:2)
  2 hobgoblins
  2 ball pythons
  2 bats
  A frilled lizard (D:1)
  2 goblins
  2 kobolds (D:1)
  2 rats
15 creatures vanquished.

Vanquished Creatures (others)
  2 endoplasms (D:2)
  A goblin (D:2)
  4 hobgoblins
  2 kobolds
  A rat (D:2)
10 creatures vanquished.

Grand Total: 25 creatures vanquished

Notes
Turn   | Place    | Note
-------+----------+-------------------------------------------
     0 | D:1      | AarnesTheHuman the Formicid Fighter began the quest for the
                  | Orb.
     0 | D:1      | Reached XP level 1. HP: 18/18 MP: 1/1
    90 | D:1      | Found a faded altar of an unknown god.
    99 | D:1      | Became a worshipper of Jiyva Joyssor the Shapeless
    99 | D:1      | Reached * piety under Jiyva
   247 | D:1      | Reached XP level 2. HP: 20/24 MP: 2/2
   572 | D:2      | HP: 1/24 [adder (3)]
   573 | D:2      | Succumbed to an adder's poison

Illustrated notes

Levels and vault maps discovered:
D:1:      pf_arrival_petrified_forest, layout_rooms, basic_ecumenical_altar
D:2:      layout_loops_ring, minmay_vboxes

Action                   || total
-------------------------++-------
Melee: Long sword        ||    42
Armor: Scale mail        ||    27
Dodge: Dodged            ||    15
Block: Kite shield       ||    25
       Rpst.: Long sword ||     8
